 Dungeon Crawl Stone Soup version 0.20-a0-455-gc3b7d50 (webtiles) character file.

509 Queen the Grappler (level 6, -5/76 HPs)
             Began as a Draconian Berserker on Jan 10, 2017.
             Was a Believer of Trog.
             Slain by Menkaure (17 damage)
             ... on level 6 of the Dungeon.
             The game lasted 00:12:04 (3138 turns).

Queen the Grappler (Draconian Berserker)            Turns: 3138, Time: 00:12:05

Health: -5/76      AC:  6    Str: 24    XL:     6   Next: 98%
Magic:  6/6        EV: 13    Int:  7    God:    Trog [**....]
Gold:   142        SH:  0    Dex: 13    Spells: 5/5 levels left

rFire  . . .     SeeInvis .       - Unarmed
rCold  . . .     Gourm    +     (armour unavailable)
rNeg   . . .     Faith    .     (no shield)
rPois  .         Spirit   .     (helmet restricted)
rElec  .         Reflect  .     (no cloak)
rCorr  .         Harm     .     (no gloves)
MR     ++...     Clarity  +     (no boots)
Stlth  ..........               g - amulet of the gourmand
                                (no ring)
                                (no ring)

@: berserking, regenerating, very quick
A: unfitting armour, stinger 1, talons 1, clarity, cold-blooded, AC +6
a: Berserk, Trog's Hand, Burn Spellbooks, Renounce Religion


You were on level 6 of the Dungeon.
You worshipped Trog.
Trog was pleased with you.
You were very full.

You visited 1 branch of the dungeon, and saw 7 of its levels.

You collected 142 gold pieces.

Inventory:

Jewellery
 g - an amulet of the gourmand (around neck)
 p - an uncursed amulet of magic regeneration
Wands
 i - a wand of polymorph (7/24)
 k - a wand of random effects (18/48)
 o - a wand of iceblast (7/15)
Scrolls
 c - 3 scrolls of remove curse
 e - a scroll of identify
 l - 2 scrolls of teleportation
 q - a scroll of enchant armour
Potions
 b - a potion of flight
 h - 2 potions of heal wounds {unknown}
 j - a potion of mutation
 m - a potion of lignification
Comestibles
 a - 3 bread rations
 d - 4 beef jerkies
 f - 2 meat rations
 n - a chunk of flesh


   Skills:
 - Level 3.2 Fighting
 - Level 2.6 Dodging
 + Level 8.0 Unarmed Combat


You had 5 spell levels left.
You didn't know any spells.

Dungeon Overview and Level Annotations

Branches:
Dungeon (7/15)             Temple (0/1) D:4

Altars:
Ashenzari
Trog

Annotations:
D:6 Menkaure


Innate Abilities, Weirdness & Mutations

Your plain brown scales are hard. (AC +6)
You cannot fit into any form of body armour.
You are cold-blooded and may be slowed by cold attacks.
Your tail ends in a poisonous barb.
You have sharp toenails.
You possess an exceptional clarity of mind.


Message History

Menkaure shouts, "The sands of time shall wipe you from history!"
You barely miss Menkaure. You claw Menkaure.
Menkaure is lightly damaged.
Menkaure misses you.
You punch Menkaure! You claw Menkaure, but do no damage.
Menkaure is heavily damaged.
Menkaure hits you!
A red film seems to cover your vision as you go berserk!
You feel yourself moving faster!
You feel mighty!
You feel a lot less full.
Menkaure calls on the powers of darkness!
Your body is wracked with pain!
* * * LOW HITPOINT WARNING * * *
Menkaure hits you!
* * * LOW HITPOINT WARNING * * *
You completely miss Menkaure. You claw Menkaure.
Menkaure is heavily damaged.
You punch Menkaure!
Menkaure is almost destroyed.
Menkaure hits you!
You die...

##### ########### #...#
#..........
#...#########..........
#......................
###.#########..........
#.....######..........
#.....................
#.....................
#........M@...........
#...........##########
##>.........).........
#.###......#########.
#.# #......# #.#
######## ... ... ....


You could see Menkaure.

Vanquished Creatures
  Eustachio (D:6)
  A phantom (D:4)
  An ogre (D:4)
  A scorpion (D:4)
  An iguana (D:4)
  A worker ant (D:4)
  3 adders (D:4)
  A worm (D:2)
  An adder skeleton (D:6)
  2 leopard geckos
  5 bats
  8 giant cockroaches
  6 goblins
  10 hobgoblins
  6 kobolds
  3 quokkas
  2 ball pythons (D:4)
  4 frilled lizards
  3 rats (D:1)
60 creatures vanquished.

Notes
Turn   | Place    | Note
-------+----------+-------------------------------------------
     0 | D:1      | Queen the Draconian Berserker began the quest for the Orb.
     0 | D:1      | Reached XP level 1. HP: 19/19 MP: 1/1
   107 | D:1      | Reached XP level 2. HP: 21/26 MP: 2/2
   364 | D:1      | Reached skill level 4 in Unarmed Combat
   754 | D:2      | Reached ** piety under Trog
   754 | D:2      | Reached XP level 3. HP: 31/31 MP: 3/3
   765 | D:2      | Found a bloodstained altar of Trog.
  1398 | D:3      | Found a faded altar of an unknown god.
  1961 | D:4      | Found a shattered altar of Ashenzari.
  2020 | D:4      | Reached XP level 4. HP: 12/38 MP: 4/4
  2247 | D:4      | Noticed an ogre
  2424 | D:4      | Reached skill level 5 in Unarmed Combat
  2426 | D:4      | Gained mutation: You possess an exceptional clarity of mind. [potion of mutation]
  2426 | D:4      | Gained mutation: Your tail ends in a poisonous barb. [potion of mutation]
  2426 | D:4      | Gained mutation: You have sharp toenails. [potion of mutation]
  2437 | D:4      | Reached XP level 5. HP: 8/45 MP: 5/5
  2674 | D:4      | Noticed a phantom
  2701 | D:4      | Killed a phantom
  2701 | D:4      | Reached skill level 6 in Unarmed Combat
  2747 | D:4      | Killed an ogre
  2747 | D:4      | Reached skill level 7 in Unarmed Combat
  2747 | D:4      | Reached XP level 6. HP: 51/51 MP: 6/6
  2932 | D:4      | Found a staircase to the Ecumenical Temple.
  3028 | D:5      | Entered Level 5 of the Dungeon
  3030 | D:5      | You fall through a shaft for 2 floors!
  3054 | D:6      | Noticed Eustachio
  3083 | D:6      | Killed Eustachio
  3083 | D:6      | Reached skill level 8 in Unarmed Combat
  3100 | D:6      | Noticed Menkaure
  3138 | D:6      | Slain by Menkaure

Vault maps used:
D:1:      onia_arrival_larder, minmay_misc_feat_diagonals
D:2:      trog_three_pillars_becter
D:3:      first_bread, chequers_ecumenical_altar_island
D:4:      nicolae_ashenzari_panopticon
D:5:      nicolae_overflow_hidden_temple, serial_shops, shop, uniq_grinder,
          uniq_sigmund, uniq_prince_ribbit1
D:6:      fiery_altar_vehumet, uniq_menkaure, uniq_eustachio,
          uniq_crazy_yiuf_cottage, uniq_edmund
D:7:      grunt_livestock, serial_bayou_lagoon_a, hangedman_misty_isle

Skill      XL: |  1  2  3  4  5  6 |
---------------+-------------------+-----
Unarmed Combat | 4 5 7 8 |  8.0
Fighting       | |  3.2
Dodging        | |  2.6

Action                   |  1- 3 |  4- 6 || total
-------------------------+-------+-------++-------
Melee: Unarmed           |   166 |    75 ||   241
       Tailslap          |    19 |     7 ||    26
       Punch             |     6 |     5 ||    11
       Kick              |       |    12 ||    12
Invok: Berserk           |       |     3 ||     3
       Trog's Hand       |       |     3 ||     3
  Use: Scroll            |     6 |     3 ||     9
       Potion            |       |     3 ||     3
 Stab: Sleeping          |     1 |     1 ||     2
  Eat: Chunk             |     4 |    20 ||    24
Armor: Skin              |    48 |    10 ||    58
Dodge: Dodged            |   104 |    33 ||   137
